 Dungeon Crawl Stone Soup version 0.30-a0-122-g2a1322497e (webtiles) character file.

Game seed: 12179423713876798334

113 NinjaNoafa the Slasher (level 4, -3/35 HPs)
             Began as a Demonspawn Monk on Sept 16, 2022.
             Killed by nerve-wracking pain
             ... invoked by an orc priest
              (7 damage)
             ... on level 3 of the Dungeon.
             The game lasted 00:05:27 (2650 turns).

NinjaNoafa the Slasher (Demonspawn Monk)            Turns: 2650, Time: 00:05:28

Health: -3/35      AC:  5    Str: 10    XL:     4   Next: 65%
Magic:  6/6        EV: 12    Int: 17    God:
Gold:   113        SH:  0    Dex: 15    Spells: 5/5 levels left

rFire   . . .      SeeInvis .    a - +0 falchion
rCold   . . .      Faith    .    (no shield)
rNeg    . . .      Spirit   .    b - +1 robe
rPois   .          Reflect  .    (no helmet)
rElec   .          Harm     .    (no cloak)
rCorr   .          Rampage  .    (no gloves)
Will    +....      Rage     3%   (no boots)
Stlth   ++........               (no amulet)
HPRegen 0.11/turn                (no ring)
MPRegen 0.10/turn                (no ring)

@: hasted, very quick
A: slimy green scales 1, foul stench 1, berserk 1, clever 1, strong-willed 1
a: no special abilities


You were on level 3 of the Dungeon.
You visited 1 branch of the dungeon, and saw 3 of its levels.

You collected 113 gold pieces.

Inventory:

Hand Weapons
 a - a +0 falchion (weapon)
Missiles
 e - 22 stones
 k - 3 poisoned darts (quivered)
Armour
 b - a +1 robe (worn)
Jewellery
 c - a ring of see invisible
Scrolls
 d - a scroll of teleportation


   Skills:
 - Level 3.0 Fighting
 + Level 3.9 Long Blades
 - Level 2.6 Dodging
 - Level 1.7 Stealth
 + Level 1.4 Spellcasting
 * Level 2.7 Necromancy


You had 5 spell levels left.
You didn't know any spells.
Your spell library contained the following spells:

 Spells                   Type           Power      Damage    Failure   Level
 Necrotise                Necr           40%        1d6       7%          1
 Vampiric Draining        Necr           10%        2d6       21%         3
 Agony                    Necr           10%        N/A       88%         5


Dungeon Overview and Level Annotations

Branches:
Dungeon (3/15)

Altars:

Annotations:
D:3 Ijyb


Innate Abilities, Weirdness & Mutations

You are partially covered in slimy green scales. (AC +2)
You may rarely emit foul miasma when damaged in melee.
You sometimes lose your temper in combat.
Your mind is acute. (Int +4, Str/Dex -1)
You are strong-willed. (Will+)


Message History

Ijyb is wielding a +0 dagger and carrying a wand of charming (9).
Found a knobbly garnet ring and a dagger.
Okay, then.
Found a scroll labelled NUOGUNE LUSIG.
Ijyb shouts!
The orc shouts!
Ijyb barely misses you.
Found an escape hatch in the floor.
You see here a ring of see invisible.
c - a ring of see invisible
As you read the scroll labelled TEATRE UVAGAIPT, it crumbles to dust.
It is a scroll of enchant armour.
Your +0 robe glows green for a moment.
Ijyb zaps a wand.
You resist with almost no effort.
As you read the scroll labelled SARU ROAXYR, it crumbles to dust.
It is a scroll of identify.
You don't have any unidentified items.
The orc hits you with a +0 short sword.
* * * LOW HITPOINT WARNING * * *
Ijyb hits you with a +0 dagger.
* * * LOW HITPOINT WARNING * * *
Okay, then.
Found 11 gold pieces.
Really quaff the potion of mutation?
You feel extremely strange.
Your magical essence no longer links to wands of the dungeon.
You feel frail.
You no longer feel strong-willed.
You feel clever.
You feel strong-willed.
You feel a little pissed off.
Okay, then.
You open the door. 2 orcs come into view.
Found a stone staircase leading down.
An orc, an orc priest and an orc wizard come into view.
The orc shouts! x2; The orc wizard shouts!
A dart slug comes into view.
The orc priest shouts!
There is an open door here.
The orc shouts!
The orc priest calls down the wrath of Beogh upon you.
Pain shoots through your body!
You die...

########## #.....ow..
###############.@.o.....
..... ........'.oo.>o...
....# ####..o#.........
....# ##...#.........
....######..............
....##..g.r.............
....##.####..$#.........
.....g.# #...#.........
.....r.....####.......


You could see an orc priest, an orc wizard, a dart slug, 4 orcs and a rat.

Vanquished Creatures
  4 gnolls
  2 adders (D:2)
  4 dart slugs
  5 ball pythons
  5 bats
  4 endoplasms
  3 giant cockroaches
  5 goblins
  A hobgoblin (D:2)
  3 jackals (D:2)
  6 kobolds
  A quokka (D:2)
  4 frilled lizards
  2 rats (D:2)
49 creatures vanquished.

Notes
Turn   | Place    | Note
-------+----------+-------------------------------------------
     0 | D:1      | NinjaNoafa the Demonspawn Monk began the quest for the Orb.
     0 | D:1      | Reached XP level 1. HP: 18/18 MP: 1/1
   162 | D:1      | Gained mutation: You may rarely emit foul miasma when
                  | damaged in melee. [demonic ancestry]
   162 | D:1      | Reached XP level 2. HP: 18/24 MP: 2/2
  1300 | D:2      | Reached skill level 1 in Necromancy
  1305 | D:2      | Gained mutation: You are partially covered in slimy green
                  | scales. (AC +2) [demonic ancestry]
  1305 | D:2      | Reached XP level 3. HP: 18/29 MP: 3/3
  1803 | D:2      | Reached skill level 1 in Spellcasting
  1930 | D:2      | Reached XP level 4. HP: 24/35 MP: 5/5
  2409 | D:2      | Gained mutation: You are strong-willed. (Will+) [potion of
                  | mutation]
  2409 | D:2      | Gained mutation: You are robust. (+10% HP) [potion of
                  | mutation]
  2409 | D:2      | Gained mutation: You expend magic power (3 MP) to
                  | strengthen your wands. [potion of mutation]
  2416 | D:2      | HP: 1/57 [gnoll/+0 club (2)]
  2630 | D:3      | Noticed Ijyb
  2641 | D:3      | Lost mutation: You expend magic power (3 MP) to strengthen
                  | your wands. [potion of mutation]
  2641 | D:3      | Lost mutation: You are robust. (+10% HP) [potion of
                  | mutation]
  2641 | D:3      | Lost mutation: You are strong-willed. (Will+) [potion of
                  | mutation]
  2641 | D:3      | Gained mutation: Your mind is acute. (Int +4, Str/Dex -1)
                  | [potion of mutation]
  2641 | D:3      | Gained mutation: You are strong-willed. (Will+) [potion of
                  | mutation]
  2641 | D:3      | Gained mutation: You sometimes lose your temper in combat.
                  | [potion of mutation]
  2650 | D:3      | Killed from afar by an orc priest

Illustrated notes

Levels and vault maps discovered:
D:1:      sevenhm_arrival_forest_fort_small_6, layout_loops_ring,
          minmay_misc_feat_enclosed, chequers_serial_rivers_small_b,
          chequers_serial_rivers_micro_c
D:2:      layout_basic, minmay_misc_feat_square,
          hangedman_decor_clover_reticule, kennysheep_nondescript
D:3:      layout_basic, uniq_robin, uniq_ijyb, uniq_terence, uniq_grinder,
          uniq_natasha

Skill      XL: |  1  2  3 |
---------------+----------+-----
Long Blades    | 3 |  3.9
Necromancy     | 1 2 |  2.7
Spellcasting   | 1 |  1.4
Fighting       | |  3.0
Dodging        | |  2.6
Stealth        | |  1.7

Action                   |  1- 3 |  4- 6 || total
-------------------------+-------+-------++-------
Melee: Falchion          |   116 |    21 ||   137
       Punch             |     2 |       ||     2
  Use: Potion            |       |    10 ||    10
       Scroll            |       |     3 ||     3
 Stab: Sleeping          |     3 |       ||     3
Armor: Robe              |    33 |     8 ||    41
       Skin              |       |     5 ||     5
Dodge: Dodged            |    98 |    24 ||   122

Table legend: (Time is in decaauts)
 A = Elapsed time spent in this place.
 B = Non-inter-level travel time spent in this place.
 C = Inter-level travel time spent in this place.
 D = Time resting spent in this place.
 E = Time spent auto-exploring this place.
 F = Levels seen in this place.
 G = Mean time per level.
                   A        B        C        D        E       F      G
               +--------+--------+--------+--------+--------+-----+--------+
         Total |   2641 |   2585 |     56 |      0 |   2117 |   3 |  880.3 |
       Dungeon |   2641 |   2585 |     56 |      0 |   2117 |   3 |  880.3 |
               +--------+--------+--------+--------+--------+-----+--------+

Top non-repeatable levels by time:
     D:2: 1439 daAuts
     D:1: 1144 daAuts
     D:3: 57 daAuts
